 Dungeon Crawl Stone Soup version 0.30-a0-341-g682706514a (webtiles) character file.

Game seed: 10351378661783575763

72 blackman the Sneak (level 4, -2/35 HPs)
             Began as a Human Delver on Nov 2, 2022.
             Was an Initiate of Ashenzari.
             Slain by a hobgoblin (5 damage)
             ... led by Robin
             ... on level 2 of the Dungeon.
             The game lasted 00:04:03 (684 turns).

blackman the Sneak (Human Delver)                    Turns: 684, Time: 00:04:03

Health: -2/35      AC:  3    Str: 13    XL:     4   Next: 48%
Magic:  4/4        EV: 11    Int: 10    God:    Ashenzari [......]
Gold:   13         SH:  5    Dex: 16    Spells: 3/3 levels left

rFire   . . .      SeeInvis .    a - +0 falchion
rCold   . . .      Faith    .    l - +2 buckler
rNeg    . . .      Spirit   .    b - +0 leather armour "Ruined With Me" {Alch, Range} (curse)
rPois   .          Reflect  .    (no helmet)
rElec   .          Harm     .    (no cloak)
rCorr   .          Rampage  .    (no gloves)
Will    .....                    (no boots)
Stlth   +++.......               (no amulet)
HPRegen 0.25/turn                (no ring)
MPRegen 0.09/turn                (no ring)

@: hasted (expiring), very quick
A: no striking features
a: Renounce Religion, Shatter the Chains


You were on level 2 of the Dungeon.
You worshipped Ashenzari.
Ashenzari was noncommittal.
You visited 2 branches of the dungeon, and saw 5 of its levels.

You collected 13 gold pieces.

Inventory:

Hand Weapons
 a - a +0 falchion (weapon)
Armour
 b - the cursed +0 leather armour "Ruined With Me" (worn) {Alch, Range}

   It has a curse which improves the following skills: Alchemy: Poison Magic and
   Transmutations.
   Ranged Combat: Ranged Weapons and Throwing.
 l - a +2 buckler (worn)
Wands
 g - a wand of digging (3)
 j - a wand of polymorph (9)
Scrolls
 c - a scroll of fog
 d - a scroll of magic mapping
 e - a scroll of fear
 h - a scroll of poison {unknown}
 i - a scroll of amnesia {unknown}
 k - a scroll of identify {unknown}
Potions
 f - a potion of haste


   Skills:
 - Level 3.0 Fighting
 + Level 4.4 Long Blades
 - Level 2.0 Dodging
 - Level 5.0 Stealth


You had 3 spell levels left.
You didn't know any spells.
Your spell library contained the following spells:

 Spells                   Type           Power      Damage    Failure   Level
 Blink                    Tloc           0%         N/A       71%         2
 Momentum Strike          Conj/Tloc      0%         3d8       71%         2
 Dazzling Flash           Conj/Hex       0%         N/A       90%         3
 Lesser Beckoning         Tloc           0%         N/A       90%         3
 Agony                    Necr           0%         N/A       100%        5
 Silence                  Hex/Air        0%         N/A       100%        5


Dungeon Overview and Level Annotations

Branches:
Dungeon (5/15)             Temple (1/1) D:5

Altars:
Ashenzari
Fedhas
Kikubaaqudgha
Ru
Sif Muna
Trog
Vehumet
Xom
Yredelemnul
Zin

Annotations:
D:2 Robin


Message History

The hobgoblin misses you.
You barely miss the hobgoblin. The hobgoblin closely misses you.
Robin roars a battlecry!
The goblins go into a battle-frenzy!
You hit the hobgoblin but do no damage. The hobgoblin closely misses you.
You closely miss the hobgoblin. You completely miss the hobgoblin.
The hobgoblin closely misses you.
You hit the hobgoblin but do no damage. You block the hobgoblin's attack.
Robin hits you from afar with a +0 spear.
You closely miss the hobgoblin. You block the hobgoblin's attack.
Robin throws the goblin at you!
You barely miss the hobgoblin. You hit the goblin but do no damage.
The goblin hits you but does no damage. The hobgoblin hits you.
You hit the goblin.
The goblin is moderately wounded.
The goblin hits you with a +0 dagger.
* * * LOW HITPOINT WARNING * * *
The hobgoblin closely misses you.
You hit the goblin.
The goblin is heavily wounded.
The goblin hits you with a +0 dagger.
* * * LOW HITPOINT WARNING * * *
The hobgoblin hits you but does no damage.
You block Robin's attack.
You hit the goblin.
The goblin is severely wounded.
You slash the goblin!
You kill the goblin!
The hobgoblin closely misses you. Robin throws the goblin at you!
* * * LOW HITPOINT WARNING * * *
You hit the goblin.
You kill the goblin!
You block the hobgoblin's attack. Robin misses you.
You hit the hobgoblin but do no damage. You hit the hobgoblin.
The hobgoblin is moderately wounded.
Your extra speed is starting to run out.
The hobgoblin hits you.
You die...

###.... ....♣.♣
......( ....♣.♣
....... ##########
.....♣.
#........#♣♣♣g......
#.....†...)@ggb.....
#........#♣♣♣g......
#..>.....# .......
#........# g......
####.#.### .......
#.♣♣♣♣♣ .......
#♣.PP.♣ .......
♣♣P~~P♣♣.........
♣.~~~~......


You could see Robin, 2 hobgoblins, a goblin (strong) and a bat.

Vanquished Creatures
  Jessica (D:2)
  2 adders
  A dart slug (D:4)
  A giant cockroach (D:4)
  6 goblins (D:2)
  A hobgoblin (D:2)
  7 jackals (D:4)
  A quokka (D:5)
  A ball python (D:2)
  A frilled lizard (D:2)
  A kobold (D:2)
23 creatures vanquished.

Notes
Turn   | Place    | Note
-------+----------+-------------------------------------------
     0 | D:5      | blackman the Human Delver began the quest for the Orb.
     0 | D:5      | Reached XP level 1. HP: 18/18 MP: 1/1
    19 | Temple   | Entered the Ecumenical Temple
    96 | Temple   | Became a worshipper of Ashenzari the Shackled
   129 | D:5      | Noticed an orc wizard
   129 | D:5      | Noticed an orc priest
   132 | D:5      | Noticed an ice beast
   174 | D:4      | Reached XP level 2. HP: 24/24 MP: 2/2
   331 | D:4      | Reached XP level 3. HP: 29/29 MP: 3/3
   441 | D:4      | Noticed an ogre
   604 | D:2      | Noticed Jessica
   636 | D:2      | Noticed Robin
   644 | D:2      | Killed Jessica
   645 | D:2      | Reached XP level 4. HP: 28/35 MP: 4/4
   684 | D:2      | Slain by a hobgoblin

Illustrated notes

Levels and vault maps discovered:
D:2:      layout_rooms, serial_forest, infiniplex_forest_lined_ring,
          infiniplex_forest_pool, infiniplex_forest_straight_1,
          infiniplex_forest_end_double, uniq_robin, uniq_crazy_yiuf_cottage,
          uniq_jessica
D:3:      layout_loops_ring, portal_sewer_entry_a, serial_aquarium,
          aquarium_bridge_straight [aquarium_subvault_bridge,
          aquarium_subvault_window, aquarium_subvault_bridge,
          aquarium_subvault_balcony], aquarium_bridge_long_separate
          [aquarium_subvault_wall, aquarium_subvault_wall,
          aquarium_subvault_bridge, aquarium_subvault_bridge,
          aquarium_subvault_wall, aquarium_subvault_bridge],
          aquarium_window_fake, aquarium_window_fake, aquarium_view_2d,
          aquarium_balcony_3b, aquarium_pool_side, minmay_crystal_water,
          st_stairs_10, minmay_between
D:4:      kennysheep_big_flooded_room, layout_gridville,
          nicolae_wu_jian_immortal_techniques
D:5:      layout_loops_cross, elyvilon_altar_5, minmay_temple_entry_crystal_x,
          gammafunk_ghost_stat_death
Temple:   hc_temple_tempest_star

Skill      XL: |  1  2  3 |
---------------+----------+-----
Long Blades    | 3 4 |  4.4
Fighting       | |  3.0
Dodging        | |  2.0
Stealth        | |  5.0

Action                   |  1- 3 |  4- 6 || total
-------------------------+-------+-------++-------
Melee: Falchion          |    49 |    32 ||    81
Invok: Curse Item        |     1 |       ||     1
  Use: Potion            |     1 |       ||     1
 Stab: Sleeping          |     4 |       ||     4
Armor: Leather armour    |    21 |     7 ||    28
Dodge: Dodged            |    35 |    17 ||    52
Block: Buckler           |     3 |     8 ||    11

Table legend: (Time is in decaauts)
 A = Elapsed time spent in this place.
 B = Non-inter-level travel time spent in this place.
 C = Inter-level travel time spent in this place.
 D = Time resting spent in this place.
 E = Time spent auto-exploring this place.
 F = Levels seen in this place.
 G = Mean time per level.
                   A        B        C        D        E       F      G
               +--------+--------+--------+--------+--------+-----+--------+
         Total |    683 |    631 |     52 |      0 |    418 |   5 |  136.6 |
       Dungeon |    592 |    556 |     36 |      0 |    355 |   4 |  148.0 |
        Temple |     90 |     74 |     16 |      0 |     63 |   1 |   90.0 |
               +--------+--------+--------+--------+--------+-----+--------+

Top non-repeatable levels by time:
     D:4: 349 daAuts
     D:2: 133 daAuts
  Temple: 90 daAuts
     D:3: 59 daAuts
     D:5: 49 daAuts
